 Dungeon Crawl Stone Soup version bcrawl-1.27.1d (webtiles) character file.

Game seed: 17015997667324523521

155851 Freyura the Twirler (level 5, 0/41 HPs)
             Began as a Demonspawn Gladiator on July 22, 2020.
             Succumbed to a worker ant's poison
             ... on level 4 of the Dungeon.
             The game lasted 00:06:15 (2911 turns).

Freyura the Twirler (Demonspawn Gladiator)          Turns: 2911, Time: 00:06:16

Health: 0/41       AC:  6    Str: 15    XL:     5   Next: 72%
Magic:  2/5        EV: 13    Int:  9    God:
Gold:   219        SH:  0    Dex: 15    Spells: 4/4 levels left

rFire    + + .     SeeInvis .   a - +0 quarterstaff
rCold    + . .     Gourm    .   (shield currently unavailable)
rNeg     . . .     Faith    .   b - +0 leather armour
rPois    +         Spirit   +   c - +2 helmet
rElec    +         Reflect  .   (no cloak)
rCorr    +         Harm     .   (no gloves)
MR       .....                  (no boots)
Stlth    +.........             g - amulet of guardian spirit
HPRegen  0.13/turn              (no ring)
MPRegen  0.09/turn              (no ring)

@: lethally poisoned (0 -> -2), resistant
A: claws 1, demonic guardian 1, fire resistance 1
a: no special abilities


You were on level 4 of the Dungeon.
You were not hungry.

You visited 1 branch of the dungeon, and saw 4 of its levels.

You collected 219 gold pieces.

Inventory:

Hand Weapons
 a - a +0 quarterstaff (weapon)
Missiles
 d - 3 throwing nets {=f}
Armour
 b - a +0 leather armour (worn)
 c - a +2 helmet (worn)
Jewellery
 g - an amulet of guardian spirit (around neck)
Scrolls
 f - 2 scrolls of enchant armour
 h - a scroll of amnesia
 i - a scroll of identify
 l - a scroll of remove curse
Potions
 k - a potion of brilliance
 n - 2 potions of haste {unknown}
 o - 2 potions of degeneration {unknown}
 p - a potion of curing
Comestibles
 e - 6 rations {!d}
 m - a chunk of flesh


   Skills:
 + Level 3.2 Fighting
 * Level 4.2 Staves
 - Level 1.7 Throwing
 + Level 2.1 Armour
 + Level 3.5 Dodging


You had 4 spell levels left.
You didn't know any spells.
Your spell library was empty.

Dungeon Overview and Level Annotations

Branches:
Dungeon (4/12)
 Temple: D:4-7

Altars:
Zin


Innate Abilities, Weirdness & Mutations

You have sharp fingernails.
A weak demonic guardian rushes to your aid.
Your flesh is heat resistant. (rF+)


Message History

* * * LOW HITPOINT WARNING * * *
You swap places.
* * * LOW HITPOINT WARNING * * *
You feel sick. The worker ant misses your shadow imp.
Your shadow imp closely misses the worker ant.
The worker ant bites your shadow imp but does no damage.
Your shadow imp hits the worker ant.
The worker ant bites your shadow imp.
* * * LOW HITPOINT WARNING * * *
You feel sick.
* * * LOW HITPOINT WARNING * * *
You feel sick.
Your shadow imp disappears in a puff of smoke!
* * * LOW HITPOINT WARNING * * *
You feel sick. The worker ant closely misses you.
* * * LOW HITPOINT WARNING * * *
You feel sick. The worker ant bites you.
* * * LOW HITPOINT WARNING * * *
The orc closely misses you.
You die...

#.#########.# .#.#...
#.##........# .......
#.##.#########a..#...
##.##.# #..o......#
#...#.######.##oh.....
#.......o.o.o# ...####
#(..###a#######...[.
##### #...........###
#@########..# #.# ..#
#.# .?. ###.###
#.....# ###.###.#
###...# #.#
#.....###.# .#
#.#.#>....# #.#


You could see a worker ant and an orc.

Vanquished Creatures
  A crimson imp (D:3)
  An orc wizard (D:3)
  A worker ant (D:4)
  5 adders
  3 worms
  4 dart slugs
  4 leopard geckos
  11 orcs
  2 ball pythons
  4 giant cockroaches
  4 goblins
  4 hobgoblins (D:1)
  10 jackals (D:2)
  A quokka (D:3)
  4 bats
  2 frilled lizards (D:3)
  5 kobolds (D:3)
  11 rats
77 creatures vanquished.

Vanquished Creatures (collateral kills)
  2 orcs (D:3)
2 creatures vanquished.

Grand Total: 79 creatures vanquished

Notes
Turn   | Place    | Note
-------+----------+-------------------------------------------
     0 | D:1      | Freyura the Demonspawn Gladiator began the quest for the
                  | Orb.
     0 | D:1      | Reached XP level 1. HP: 16/16 MP: 1/1
   230 | D:1      | Reached skill level 3 in Staves
   230 | D:1      | Gained mutation: A weak demonic guardian rushes to your
                  | aid. [demonic ancestry]
   230 | D:1      | Reached XP level 2. HP: 8/22 MP: 2/2
   602 | D:1      | Gained mutation: Your flesh is heat resistant. (rF+)
                  | [demonic ancestry]
   602 | D:1      | Reached XP level 3. HP: 27/28 MP: 3/3
   619 | D:1      | Reached skill level 1 in Armour
  1786 | D:3      | Reached XP level 4. HP: 14/34 MP: 4/4
  1959 | D:3      | Found a glowing silver altar of Zin.
  2299 | D:3      | Gained mutation: You have sharp fingernails. [demonic
                  | ancestry]
  2299 | D:3      | Reached XP level 5. HP: 35/41 MP: 3/5
  2363 | D:3      | Reached skill level 4 in Staves
  2908 | D:4      | HP: 2/41 [poisoned by a worker ant]
  2911 | D:4      | Succumbed to a worker ant's poison

Skill      XL: |  1  2  3  4  5 |
---------------+----------------+-----
Staves         | 3 4 |  4.2
Armour         | 1 2 |  2.1
Dodging        | 3 |  3.5
Fighting       | 3 |  3.2
Throwing       | |  1.7

Action                   |  1- 3 |  4- 6 || total
-------------------------+-------+-------++-------
Melee: Quarterstaff      |   154 |   111 ||   265
  Use: Scroll            |     6 |     1 ||     7
       Potion            |       |     3 ||     3
 Stab: Sleeping          |     1 |       ||     1
       Distracted        |       |     1 ||     1
  Eat: Chunk             |     6 |     8 ||    14
Armor: Leather armour    |    69 |    32 ||   101
Dodge: Dodged            |   126 |    87 ||   213
